[Event "5th Sharjah Masters 2022"]
[Site "Sharjah"]
[Date "2022.05.24"]
[Round "4.22"]
[White "Hakobyan, Aram"]
[Black "Msellek, Ilyass"]
[Result "1-0"]
[ECO "B45"]
[WhiteElo "2615"]
[BlackElo "2411"]
[Annotator "TA"]
[PlyCount "71"]
[EventDate "2022.05.21"]
[EventType "swiss"]
[EventCountry "UAE"]
[SourceTitle "playchess.com"]
[Source "ChessBase"]
[SourceQuality "1"]
[TimeControl "5400+30"]

1. e4 c5 2. Nf3 e6 3. d4 cxd4 4. Nxd4 Nf6 5. Nc3 Nc6 6. Be2 d5 7. exd5 {[%emt 0:00:07] B45: Sicilian Four Knights.} exd5 8. a3 Bc5 9. Be3 {[%emt 0:00:20] [#] Threatens to win with Nxc6. White has an edge.} Bb6 $146 ({Predecessor:} 9... O-O 10. Nxc6 bxc6 11. Bxc5 Re8 12. O-O Rb8 13. Rb1 Ne4 14. Nxe4 Rxe4 15. Bd3 Re8 {1-0 (27) Uzunov,E (1114)-Rejniak,M (814) Mureck 2019}) 10. Qd2 O-O 11. f3 Be6 12. O-O-O Rc8 13. g4 Ba5 14. Nb3 d4 15. Nxa5 ({Much worse is} 15. Nxd4 Qe7 16. Nxe6 Qxe6 $11) 15... dxe3 ({Better is} 15... dxc3 $14 16. Qxd8 Nxd8) 16. Qxd8 $16 Nxd8 17. Rhe1 b6 {[%emt 0:08:17] [#]} 18. Nb3 Bxb3 19. cxb3 Ne6 20. Bc4 Nc7 21. Kb1 {[%emt 0:04:39] White is more active.} Rfe8 {[%emt 0:00:17] [#] A mistake that costs the game.} (21... Rfd8 $16 {was called for.}) 22. g5 $1 $18 Nh5 23. Rd7 Ne6 24. Rxe3 Nxg5 (24... Ra8 {was necessary.} 25. Ne2 g6 26. Bxe6 fxe6) 25. Rxe8+ Rxe8 26. Rxa7 {[%emt 0:01:55][%cal Oc3e4] aiming for Ne4!} Nf4 27. Ne4 Nge6 28. Nd6 Rf8 29. Re7 Ng5 30. Ka2 h5 31. b4 h4 32. a4 h3 (32... Nxf3 $142 33. a5 (33. Bxf7+ Kh7 $18) (33. Nxf7 Nd2 $16) 33... bxa5) 33. a5 b5 34. Nxb5 Nxf3 35. a6 Ra8 36. Nc7 {[%emt 0:01:28] Weighted Error Value: White=0.06 (flawless) /Black=0.31} 1-0

[Event "5th Sharjah Masters 2022"]
[Site "Sharjah"]
[Date "2022.05.24"]
[Round "4.23"]
[White "Kamalidenova, Meruert"]
[Black "Puranik, Abhimanyu"]
[Result "0-1"]
[ECO "C70"]
[WhiteElo "2408"]
[BlackElo "2608"]
[Annotator "TA"]
[PlyCount "86"]
[EventDate "2022.05.21"]
[EventType "swiss"]
[EventCountry "UAE"]
[SourceTitle "playchess.com"]
[Source "ChessBase"]
[SourceQuality "1"]
[TimeControl "5400+30"]

1. e4 e5 2. Nf3 Nc6 3. Bb5 a6 4. Ba4 f5 5. d4 exd4 6. e5 {[%emt 0:03:56] C70: Ruy Lopez: 3...a6 4 Ba4, Norwegian and Delayed Schliemann.} b5 $1 {[%emt 0:00:39][%mdl 4] is recently more successful than 6...Bc5.} 7. Bb3 Bb7 $1 8. O-O {[%emt 0:02:40] White is slightly better.} Na5 $1 9. Nxd4 c5 10. Nxf5 c4 {[%emt 0:00:18] [#]} 11. Qg4 $1 Qb6 $1 {[%emt 0:06:48] [#]} 12. Re1 $146 ({Predecessor:} 12. Nd6+ Bxd6 13. exd6 O-O-O 14. Qxg7 Qxd6 15. Bg5 Rf8 16. Qxh8 Qd5 17. f3 Qxg5 18. Kh1 {½-½ (59) Beikert,G (2414)-Buecker,S (2280) Sasbach 2018}) 12... O-O-O $1 $15 {[%emt 0:09:26] White must now prevent ...Nh6.} 13. Bg5 Re8 14. Nd2 {[%emt 0:02:14] [#]} (14. Nc3 $142) 14... Nh6 $1 $17 15. Nxh6 gxh6 16. Bf6 {[%emt 0:00:16] Strongly threatening e6.} Bc5 {[%emt 0:04:35] The board is on fire.} 17. Bxh8 {[%emt 0:02:32] Loses the game.} (17. e6 $17 Bxf2+ 18. Kf1 Bxe1 19. exd7+ Kb8 20. dxe8=Q+ Rxe8 21. Bd4) 17... Bxf2+ $19 18. Kh1 Bxe1 19. Rxe1 Rxh8 ({Not} 19... cxb3 {[#]} 20. e6 $1 Rxe6 21. Rxe6 Qxe6 22. Qxe6 dxe6 23. axb3 $11) 20. e6 Qd6 21. Nxc4 Nxc4 ({Stronger than} 21... bxc4 22. Ba4 Nc6 23. h3 $17) 22. Bxc4 bxc4 $40 {[%emt 0:00:06][%mdl 128] Black goes for the king.} 23. Qxc4+ Kb8 {[%emt 0:00:14] aiming for ...Rg8.} 24. exd7 Qxd7 25. Qf4+ (25. c3 {was necessary.}) 25... Ka8 {[%emt 0:00:21] And now ...Rg8 would win.} 26. Kg1 Rg8 27. Re2 Qd1+ 28. Qf1 Qd4+ 29. Kh1 Qxb2 30. Rf2 Qb4 {[%emt 0:00:53] Inhibits Rf8+.} 31. h3 h5 32. c4 h4 33. Re2 Qc3 {[%emt 0:03:05] Threatens to win with ...Qxh3+.} 34. Kg1 Qd4+ 35. Kh2 Rd8 36. Rf2 Qe5+ 37. Kh1 Qc5 38. Rf5 (38. Kh2 $142) 38... Qe3 39. Rf8 Rxf8 40. Qxf8+ Ka7 {[%emt 0:00:02] ( -> ...Qxh3+)} 41. Qg7 Qxh3+ 42. Kg1 Qe3+ 43. Kh2 Qg3+ {[%emt 0:00:10] Weighted Error Value: White=0.29 (precise) /Black=0.01 (flawless)} 0-1

[Event "5th Sharjah Masters 2022"]
[Site "Sharjah"]
[Date "2022.05.24"]
[Round "4.24"]
[White "Erdogdu, Mert"]
[Black "Ivic, Velimir"]
[Result "0-1"]
[ECO "B33"]
[WhiteElo "2407"]
[BlackElo "2623"]
[Annotator "TA"]
[PlyCount "176"]
[EventDate "2022.05.21"]
[EventType "swiss"]
[EventCountry "UAE"]
[SourceTitle "playchess.com"]
[Source "ChessBase"]
[SourceQuality "1"]
[TimeControl "5400+30"]

1. e4 c5 2. Nf3 Nc6 3. d4 cxd4 4. Nxd4 Nf6 5. Nc3 e5 6. Ndb5 d6 7. Bg5 a6 8. Na3 b5 9. Nd5 Be7 10. Bxf6 Bxf6 11. c4 b4 {[%emt 0:01:05] B33: Sicilian: Pelikan and Sveshnikov Variations.} 12. Nc2 O-O $1 {[%emt 0:02:44][%mdl 4] is recently more successful than 12...a5.} 13. g3 a5 {[%emt 0:01:45] The position is equal.} 14. b3 g6 15. Nxf6+ Qxf6 16. Bg2 {[%emt 0:00:06] [#]} h5 $146 ({Predecessor:} 16... Nb8 17. O-O Nd7 18. f4 Bb7 19. f5 Nc5 20. Qe2 Ra6 21. Ne3 Qg5 22. Nc2 f6 {0-1 (60) Cech,D (2160)-Spacek,O (2237) Slovakia 2020}) 17. h4 Bg4 18. Qd5 Nd4 19. Nxd4 exd4 20. f3 Be6 (20... Bxf3 $2 21. O-O $18) 21. Qg5 (21. Qxd6 {keeps more tension.} d3 22. e5 Qf5 23. Kd2) 21... Qxg5 22. hxg5 a4 23. Kf2 (23. O-O $1 $15) 23... Ra5 24. Rhd1 Rfa8 25. Rab1 axb3 26. axb3 Rxg5 (26... Ra2+ $1 $17 27. Kg1 R8a5) 27. Rb2 Ra6 (27... Rga5 $15) 28. Rxd4 $11 Kf8 29. f4 Rga5 30. Bf3 Ke7 31. Rbd2 f6 32. Be2 Rb6 33. Bf3 Bf7 34. Ke3 g5 35. Rh2 g4 36. Bd1 Rba6 37. Rhd2 Ra2 38. R4d3 Rxd2 39. Rxd2 $15 {[%emt 0:00:04][%mdl 4096] Endgame KRB-KRB} Ra1 40. Kd4 Rc1 41. Rd3 Ke6 42. Ke3 Be8 43. f5+ Ke7 44. Kf4 (44. Rd2 $15) 44... Bc6 (44... Kd7 $1 $17) 45. Ke3 Kd7 46. Kf4 (46. Kd2 $1 $11 Rb1 47. c5) 46... Kc7 $17 47. Ke3 Bb7 48. Kd4 Kb6 49. Rd2 Ra1 50. Bc2 Rh1 {[%emt 0:04:29] Prevents Rh2.} (50... Rg1 $17 51. Rd3 Ba8) 51. Rg2 $15 Bc6 52. Bd3 $1 Rd1 53. Rh2 Be8 (53... Rg1 $2 54. Rxh5 Rxg3 55. Rh6 $18) 54. Rg2 {[%emt 0:00:25] Prevents Rg1.} Rc1 (54... Bf7 $1 $17) 55. Bc2 (55. Kd5 $11 {remains equal.} Rd1 56. Kd4) 55... Bf7 $17 56. Rd2 Rg1 57. Rd3 Rg2 58. Bd1 Kc6 {[%emt 0:01:21] Black is more active.} 59. Re3 Rd2+ 60. Rd3 Rg2 (60... Rb2 $19 {and Black stays clearly on top. ...Rg2 is the strong threat.} 61. Re3 (61. Ke3 $2 Kc5 $19) 61... Rd2+ 62. Rd3 Rg2) 61. Re3 Kd7 (61... Be8 $17) 62. Rd3 $15 Ke7 63. Re3 Be8 64. Be2 $1 Bc6 65. c5 Rg1 66. cxd6+ Kxd6 67. Bc4 Rd1+ 68. Rd3 Re1 69. Bd5 $2 (69. Re3 $11 Rd1+ 70. Rd3) 69... Bxd5 $19 70. exd5 {[%emt 0:00:03] KR-KR} Re5 71. Kc4 Rxf5 {[%emt 0:00:08] aiming for ...Rf3.} 72. Rd1 h4 73. gxh4 Rf2 (73... Rh5 $142 74. Kxb4 f5) 74. Rh1 $2 (74. h5 $17) 74... g3 75. h5 f5 {[%emt 0:00:24][%cal Bf6f5,Bf5f4][%mdl 32] Strongly threatening ...Rh2.} 76. Kd4 $2 (76. Rg1 Rf4+ 77. Kd3) 76... Rh2 77. Rg1 Rh4+ 78. Ke3 (78. Kd3 $142 Kxd5 79. Rxg3) 78... Kxd5 79. Kf3 f4 {[%emt 0:00:18] And now ...Kd4 would win.} 80. Rd1+ Ke5 81. Rc1 Kd4 82. Rc4+ Kd3 83. Rxb4 g2 {[%emt 0:00:02] Black mates.} 84. Kf2 Rg4 $1 85. Kg1 Ke2 $1 86. Re4+ {[%emt 0:01:21] [#]} Kf3 $1 87. Rc4 {[%emt 0:00:41] [#]} Kg3 $1 88. Rc2 f3 {[%emt 0:00:08] Weighted Error Value: White=0.13 (very precise) /Black=0.24 (precise)} 0-1

[Event "5th Sharjah Masters 2022"]
[Site "Sharjah"]
[Date "2022.05.24"]
[Round "4.25"]
[White "Nihal Sarin"]
[Black "Gharibyan, Mamikon"]
[Result "1/2-1/2"]
[ECO "B30"]
[WhiteElo "2646"]
[BlackElo "2487"]
[Annotator "TA"]
[PlyCount "144"]
[EventDate "2022.05.21"]
[EventType "swiss"]
[EventCountry "UAE"]
[SourceTitle "playchess.com"]
[Source "ChessBase"]
[SourceQuality "1"]
[TimeControl "5400+30"]

1. e4 c5 2. Nf3 Nc6 3. Bb5 e6 4. O-O Nge7 5. Re1 a6 6. Bf1 d5 7. exd5 Nxd5 8. d4 Nf6 9. Be3 cxd4 {[%emt 0:00:33] B30: Sicilian: 2...Nc6 3 Bb5, lines without ...g6.} 10. Nxd4 Ne5 11. h3 Be7 {[%emt 0:03:07] White has an edge.} 12. c4 O-O 13. Nc3 Bd7 14. Qb3 Qc7 15. Rac1 {[%emt 0:02:12] [#]} Rfd8 $146 ({Predecessor:} 15... Rfc8 16. Na4 Bxa4 17. Qxa4 Rd8 18. Red1 Bc5 19. b4 Neg4 20. hxg4 Nxg4 21. Nf3 Bxe3 22. fxe3 {½-½ (40) Nepomniachtchi,I (2782)-Salem,A (2690) Warsaw 2021}) 16. Nc2 Rdc8 17. Bb6 Qb8 18. a3 a5 19. Red1 (19. Be3 $11 {remains equal.}) 19... a4 $17 20. Qa2 Bc5 (20... g5 $1 $17 ) 21. Bxc5 $11 Rxc5 22. Ne3 Bc6 23. Rd4 h5 24. Rcd1 Ned7 25. Qb1 Qe5 26. R1d2 Rca5 {[%emt 0:04:47] [#]} 27. Bd3 $1 Re8 (27... Qxd4 $2 28. Bh7+ $1 Nxh7 29. Rxd4 $18) (27... Nc5 28. Bc2) 28. Bc2 Nc5 29. Rd8 Ra8 30. Qd1 Qc7 31. R8d6 g6 32. R2d4 Kg7 33. Rd2 Qe7 34. R6d4 Qc7 35. Nb5 Bxb5 36. cxb5 Rec8 37. Bxa4 Qa5 38. Bc2 Qxb5 39. a4 Qe8 40. Nc4 e5 (40... Rc6 $1 $14) 41. Nd6 $16 Qe6 {[%emt 0:00:24] [#]} 42. Rb4 {[%emt 0:00:44] White is more active.} (42. Rh4 $1 $16) 42... Rc7 43. Rb5 {[%emt 0:00:01] Threatens to win with b4.} e4 44. b4 Nd3 45. Nxb7 (45. Bxd3 $16 exd3 46. Rxd3) 45... Rac8 {[%emt 0:00:18] And now ...e3 would win.} 46. Nc5 $1 (46. Bxd3 $2 Rc1 47. Bf1 Rxd1 48. Rxd1 Qb3 $19) 46... Nxc5 47. bxc5 Rxc5 48. Rxc5 Rxc5 49. Re2 Qe5 50. Qe1 Qc7 51. Qd2 ({Wrong is} 51. Bxe4 $2 Rc1 52. Bd3 Qc3 53. Qxc1 Qxc1+ $19) 51... Rd5 52. Qb4 Rc5 53. Qb2 ({But not} 53. Bxe4 $2 Rc4 54. Rc2 (54. Qe1 $2 Rc1 $19) 54... Rxb4 $19) 53... Rc4 54. Rd2 Qc5 55. Bb3 (55. Re2 $11 {keeps the balance.}) 55... e3 $17 56. fxe3 Qxe3+ 57. Rf2 Rc1+ (57... Rc3 $17 {Hoping for ...Ne4.} 58. Kh2 Qe5+ 59. Kg1 h4) 58. Kh2 $1 $11 {[%emt 0:00:02] Dancing on a razor blade.} Rc3 59. Rf3 $36 {[%emt 0:01:01][%mdl 2048] Black is under pressure.} Qe5+ 60. g3 Ne4 (60... Rc5 $11 61. Qxe5 Rxe5) 61. Rxc3 (61. Bxf7 $16 {Strongly threatening Bb3.} Rc5 62. Qxe5+ Rxe5 63. Bc4) 61... Nxc3 $16 {[%emt 0:00:07][%mdl 4096] Endgame KQB-KQN. The position is equal.} 62. h4 f6 63. Qf2 Ne4 64. Qa7+ Kh6 65. Qe3+ Kg7 66. Bc2 f5 67. Bxe4 fxe4 $11 {[%emt 0:00:04] KQ-KQ} 68. Kg2 Qb2+ 69. Qf2 Qc3 70. Qe2 e3 71. Kf3 Qc6+ 72. Kxe3 Qxa4 {[%emt 0:01:30] Weighted Error Value: White=0.13 (very precise) /Black=0.12 (very precise)} 1/2-1/2

[Event "5th Sharjah Masters 2022"]
[Site "Sharjah"]
[Date "2022.05.24"]
[Round "4.26"]
[White "Jumabayev, Rinat"]
[Black "Gunina, Valentina"]
[Result "1-0"]
[ECO "A11"]
[WhiteElo "2628"]
[BlackElo "2471"]
[Annotator "TA"]
[PlyCount "87"]
[EventDate "2022.05.21"]
[EventType "swiss"]
[EventCountry "UAE"]
[SourceTitle "playchess.com"]
[Source "ChessBase"]
[SourceQuality "1"]
[TimeControl "5400+30"]

1. c4 c6 2. Nf3 d5 3. g3 Bg4 4. Ne5 Bf5 5. Qb3 Nd7 6. d4 {[%emt 0:02:45][%cal Bd2d4,Bd4e5][%mdl 32] [#] A11: English Opening: 1...c6.} Nxe5 $146 ({Predecessor:} 6... Qb6 7. Qxb6 axb6 8. cxd5 cxd5 9. Nc3 Ngf6 10. e3 e6 11. Bb5 Bd6 12. f3 h6 {½-½ (45) Docx,S (2417)-Swinkels,R (2485) Belgium 2012}) 7. dxe5 Qd7 8. cxd5 {[%emt 0:12:04] White is slightly better.} Qxd5 9. Qxd5 cxd5 10. Nc3 Rc8 11. e4 ({But not} 11. Nxd5 $2 Be4 12. f3 Bxd5 $19) 11... dxe4 12. Be3 (12. Bb5+ $16 Bd7 13. Bxd7+ Kxd7 14. Nxe4) 12... a6 13. Bg2 {[%emt 0:00:00][%mdl 1024] White has compensation.} Rc4 14. O-O {[%emt 0:00:00][%cal Bh1f1,Bf1d1,Bd1d3][%mdl 32] Strongly threatening Rac1.} e6 15. Rac1 {[%emt 0:00:00][%cal Oc3e4] Threatens to win with Nxe4!} Ne7 16. b3 {[%emt 0:00:00][%mdl 64] Deflection} Rc8 17. Nxe4 {[%emt 0:00:00] aiming for Nd6+.} Nc6 18. Rfd1 Ba3 19. Rc4 h6 20. b4 {[%emt 0:00:00] White is much more active.} (20. Bb6 $142) 20... Bxe4 {[%emt 0:01:56] This costs Black the game.} (20... Bxb4 $16 {was worth a try.} 21. Rb1 a5) 21. Bxe4 $18 O-O 22. Rd3 $1 $36 {[%emt 0:00:00][%mdl 2048] White is on the roll.} Bb2 23. f4 Rfd8 (23... f5 $142) 24. Rxd8+ Rxd8 25. Kf2 Ba3 {[%emt 0:01:16] [#]} 26. Ke2 $1 {[%emt 0:03:46] Inhibits Rd1.} ({Don't play} 26. Bxc6 bxc6 27. Rxc6 Bxb4) 26... Rb8 27. Bd2 Ne7 {[%emt 0:01:01] [#]} 28. Kd3 ({White should play} 28. Kd1 $1 $18 ) 28... b6 (28... Rd8+ $16 29. Rd4 Nd5) 29. Bc3 h5 (29... g5 $142 30. Rc7 Nf5) 30. Rc7 Kf8 (30... Nd5 {was necessary.} 31. Bxd5 Rd8) 31. Ra7 Rd8+ 32. Kc2 Rc8 33. Bb7 Rb8 (33... Nc6 $142) 34. Rxa6 {[%emt 0:00:15] White is clearly winning.} Nf5 35. Ra8 Rxa8 36. Bxa8 {[%emt 0:00:01][%mdl 4096] Endgame KBB-KBN} h4 37. gxh4 Ke7 38. h5 Ne3+ 39. Kd3 Bc1 40. a4 {[%emt 0:00:31] Black must now prevent a5.} Ng4 41. a5 bxa5 42. bxa5 Bxf4 43. a6 Bxh2 44. Bf3 {[%emt 0:00:13] Weighted Error Value: White=0.11 (very precise) /Black=0.38} 1-0

[Event "5th Sharjah Masters 2022"]
[Site "Sharjah"]
[Date "2022.05.24"]
[Round "4.28"]
[White "Can, Emre"]
[Black "Assaubayeva, Bibisara"]
[Result "1-0"]
[ECO "B23"]
[WhiteElo "2599"]
[BlackElo "2439"]
[Annotator "TA"]
[PlyCount "57"]
[EventDate "2022.05.21"]
[EventType "swiss"]
[EventCountry "UAE"]
[SourceTitle "playchess.com"]
[Source "ChessBase"]
[SourceQuality "1"]
[TimeControl "5400+30"]

1. e4 c5 2. Nc3 d6 3. f4 g6 4. Nf3 Bg7 5. Bb5+ Bd7 6. Bc4 {[%emt 0:00:53] B23: Closed Sicilian: Lines without g3.} Nc6 7. d3 Na5 8. Bd2 {[%emt 0:00:57][%cal Bc1d2,Bd2e1,Be1f2][%mdl 32] The position is equal.} e6 9. e5 d5 {[%emt 0:06:53] Inhibits Ne4.} 10. Bb5 Nc6 {[%emt 0:00:14] [#]} 11. O-O $146 ({Predecessor:} 11. Bxc6 Bxc6 12. O-O Ne7 13. Be1 Qb6 14. a4 d4 15. a5 Qc7 16. Ne4 Bxe4 17. dxe4 {½-½ (39) Jobava,B (2617)-Giri,A (2780) Batumi 2019}) 11... h5 12. Be1 Nh6 13. Bf2 Bf8 14. h3 Be7 15. Bxc6 Bxc6 16. d4 b6 17. Qd2 h4 18. Nd1 Nf5 19. Ne3 Nxd4 (19... Nxe3 $11 20. Bxe3 Kf8) 20. Nxd4 $14 cxd4 21. Ng4 Bb5 22. Rfe1 d3 (22... a5 $14) 23. cxd3 $16 ({Don't play} 23. a4 Bc6 $11) 23... Rc8 24. Bd4 {[%emt 0:02:37] White is more active.} (24. a4 $5 Bc6 25. Rec1 $14) 24... Qc7 (24... Bc5 $14 25. Bxc5 bxc5) 25. a4 $18 {[%emt 0:03:49] White is clearly better.} Bd7 26. Rec1 {[%emt 0:02:57] Prevents Qc2.} Bc5 (26... Qd8 $142 27. Rxc8 Qxc8) 27. Nf6+ Kf8 28. Bxc5+ bxc5 29. b4 {[%emt 0:00:11] Weighted Error Value: White=0.03 (flawless) /Black=0.15 (very precise)} 1-0

[Event "5th Sharjah Masters 2022"]
[Site "Sharjah"]
[Date "2022.05.24"]
[Round "4.29"]
[White "Adly, Ahmed"]
[Black "Baenziger, Fabian"]
[Result "1-0"]
[ECO "E06"]
[WhiteElo "2596"]
[BlackElo "2430"]
[Annotator "TA"]
[PlyCount "119"]
[EventDate "2022.05.21"]
[EventType "swiss"]
[EventCountry "UAE"]
[SourceTitle "playchess.com"]
[Source "ChessBase"]
[SourceQuality "1"]
[TimeControl "5400+30"]

1. d4 d5 2. c4 c6 3. Nf3 Nf6 4. Nc3 e6 5. g3 Be7 6. Bg2 O-O 7. O-O a5 {[%emt 0:01:55] E06: Closed Catalan: Early deviations.} 8. Qc2 $5 {[%emt 0:04:57][%mdl 4] [#] Exploring less charted territory.} dxc4 $146 ({Predecessor:} 8... Na6 9. e4 dxc4 10. Be3 Nb4 11. Qe2 a4 12. Ne5 Nd7 13. Nxc4 b5 14. Na3 Nb6 15. Rfd1 {1-0 (37) Evdokimov,A (2558)-Ziatdinov,R (2354) New Delhi 2014}) 9. Rd1 b5 {[%emt 0:06:05] The position is equal.} 10. Ne5 Ba6 ({Black should try} 10... Nd5 $1 $15) 11. Ne4 (11. Bxc6 $11 Nxc6 12. Nxc6) 11... Nd5 $15 12. b3 f6 13. Nf3 cxb3 14. axb3 Bc8 (14... Nb4 $5 15. Qc3 Bc8 $15) 15. Bd2 Nb4 16. Bxb4 Bxb4 17. e3 Na6 18. Ne1 Be7 (18... Bxe1 $11 19. Rxe1 Nb4) 19. Nd3 (19. Qxc6 $14 Rb8 20. Rdc1) 19... Bd7 20. Qc3 {[%emt 0:06:11][%mdl 1024] White has compensation.} Nb4 21. Nec5 Nd5 (21... Bxc5 $5 22. Qxc5 (22. Nxc5 Qe7 $11) 22... Nxd3 23. Rxd3 Ra6 $11) 22. Qd2 b4 23. Na4 {[%emt 0:04:27] Pair of Knights!} Qb8 24. Rdc1 Rd8 25. Qc2 Ra7 26. Be4 g6 27. Kg2 Be8 28. h4 e5 29. dxe5 fxe5 30. Ndc5 Bxc5 (30... Bf7 $5 ) 31. Qxc5 Nf6 32. Bf3 (32. Bxc6 $2 Rc7 33. Qc4+ Kg7 $19) 32... Rf7 33. Ra2 e4 34. Be2 Nd5 35. Bg4 {[%emt 0:14:01] Inhibits Rf5. Hoping for Be6.} Bd7 {[%emt 0:00:32] Inhibits Be6.} 36. Bxd7 Rdxd7 37. Rc4 Qe5 {[%emt 0:00:46] White must now prevent ...Qh5.} 38. Nb6 $1 Rd8 39. Nxd5 cxd5 (39... Rxd5 $11 40. Qxc6 Kg7) 40. Rd4 (40. Qxa5 $16 Rdf8 41. Rxb4) 40... Qf5 $132 {[%emt 0:00:21][%mdl 2048] Black is not holding back} 41. Kh2 g5 42. hxg5 h6 (42... Qxg5 43. Rxe4 $1 (43. Kg1 Rf5 $14) 43... Rdf8 44. Kg2 $16 (44. Rf4 Qh5+ 45. Kg2 Rxf4 $14)) (42... Rdd7 $11 {keeps the balance.}) 43. g6 (43. gxh6 $6 a4 44. Rad2 (44. bxa4 $2 Rf6 $19) (44. Rxb4 $2 Rc8 $19) 44... axb3 45. Rxb4 (45. Rxd5 Rxd5 46. Rxd5 Qxf2+ 47. Kh3 Qf1+ 48. Kh4 Qf6+ 49. Kh3 b2 $19) 45... Rf6 $11) ({White must play} 43. Qxa5 $16 Rfd7 44. Rad2 (44. gxh6 Rc8 $11)) 43... Rfd7 44. Qb5 Qh5+ (44... h5 $11) 45. Kg1 $14 Rc7 (45... Qf5 $14) 46. Ra1 $16 {[%emt 0:00:10][%cal Od4e4] Strongly threatening Rxe4!} Qf5 47. Qxa5 Rcd7 48. Qxb4 (48. Qc5 $16) 48... h5 $1 $11 49. Qe1 (49. Rd2 $5 ) 49... h4 50. Rda4 hxg3 51. fxg3 Qxg6 52. Ra8 Qg4 {[%emt 0:00:55] [#]} (52... Qg5 $14) 53. Qf2 $1 $16 Kg7 (53... d4 $16) 54. Rxd8 $18 ({And not} 54. R8a6 Rf8 55. Qb2+ (55. Qh2 Qg5 $15) 55... d4 56. exd4 (56. Qh2 Qg5 $17) 56... Rf3 57. d5+ Kf7 $11) 54... Rxd8 {[%emt 0:00:03][%mdl 4096] Endgame KQR-KQR} 55. Rf1 {[%emt 0:00:08] Qf6+ would kill now.} Qe6 {[%emt 0:00:42] Inhibits Qf6+.} 56. Qf4 Re8 $2 (56... Kg6 57. Kg2 Rc8) 57. Kg2 Qg6 58. Qh4 {[%emt 0:02:00] And now Rf4 would win.} Re5 59. Qd8 {[%emt 0:00:38] Intending Qc7+ and mate.} Qe8 60. Qf6+ {[%emt 0:00:28] Weighted Error Value: White=0.18 (very precise) /Black=0.47} 1-0

[Event "5th Sharjah Masters 2022"]
[Site "Sharjah"]
[Date "2022.05.24"]
[Round "4.30"]
[White "Nikolov, Momchil"]
[Black "Mchedlishvili, Mikheil"]
[Result "0-1"]
[ECO "E90"]
[WhiteElo "2454"]
[BlackElo "2595"]
[Annotator "TA"]
[PlyCount "86"]
[EventDate "2022.05.21"]
[EventType "swiss"]
[EventCountry "UAE"]
[SourceTitle "playchess.com"]
[Source "ChessBase"]
[SourceQuality "1"]
[TimeControl "5400+30"]

1. d4 Nf6 2. c4 g6 3. Nc3 Bg7 4. e4 d6 5. h3 O-O 6. Be3 e5 7. d5 Na6 8. Nf3 Nh5 9. g3 {[%emt 0:01:45] E90: King's Indian: Classical: Early deviations and 6 h3.} f5 10. exf5 $1 gxf5 11. Qd2 {[%emt 0:02:28] White is slightly better.} f4 12. gxf4 Nxf4 (12... exf4 13. Bd4 $14) 13. O-O-O {[%emt 0:02:35] [#]} Nc5 $5 $146 {[%emt 0:03:05][%mdl 8] An interesting novelty.} ({Predecessor:} 13... Kh8 14. Rg1 Bh6 15. h4 Bf5 16. Ng5 Nb4 17. Bxf4 exf4 18. a3 Na6 19. b4 Qf6 {1-0 (42) Gledura,B (2628)-Mamedov,R (2654) Chess.com INT 2021}) 14. Rg1 Kh8 ({Much less strong is} 14... Nxh3 15. Bxh3 (15. Rg3 Nf4 $16) 15... Rxf3 16. Bg4 Bxg4 17. Rxg4 $16) (14... b6 $1 $11) 15. Bxc5 (15. b4 $14 Ncd3+ 16. Bxd3 Nxd3+ 17. Qxd3 Rxf3 18. Rxg7 $1 Kxg7 19. Bh6+ Kxh6 20. Qxf3 Qg5+ 21. Kb2) 15... dxc5 $11 16. Qe3 Qe7 17. Ng5 Bf5 18. Nge4 $2 (18. h4 $11 {and White is okay.}) 18... Bh6 $19 {[%emt 0:03:24] A strong pair of Bishops.} 19. Kb1 {[%emt 0:06:09] [#]} Nxd5 $1 20. Qxh6 $17 Nxc3+ {[%emt 0:00:07][%mdl 64] Remove Defender} 21. bxc3 {[%emt 0:00:09] f3 is the strong threat.} Bxe4+ 22. Bd3 Bxd3+ 23. Rxd3 Rxf2 24. Rgd1 Qf8 25. Qg5 {[%emt 0:11:43] Black must now prevent Rd8.} Rf5 26. Qh4 {[%emt 0:00:47] And now Rd8 would win.} Rf1 27. Qh5 Re8 (27... Rxd1+ $17 28. Rxd1 Re8) 28. Rxf1 $15 Qxf1+ {[%emt 0:00:06][%mdl 4096] Endgame KQR-KQR} 29. Kc2 Qg2+ 30. Kd1 (30. Kb3 $15 Qc6 31. Qf7) 30... Qc6 (30... Re7 $17 {Threatens to win with ...Qg6.} 31. Qf5 Qh1+ 32. Kc2 Qh2+ 33. Rd2 Qf4 34. Qc8+ (34. Rd8+ $2 Kg7 $19) 34... Kg7 35. Qxb7 Qxc4) 31. Rf3 (31. Qf7 $15) 31... Rd8+ 32. Kc1 {[%emt 0:02:08] [#]} Qe4 ({Black should play} 32... Qd6 $1 $17 {[%cal Rd6d1] ( -> ...Qd1+)} 33. Kb2 Rg8) 33. Rf1 (33. Kb2 $1 $11) 33... Qe3+ (33... Rg8 $15 34. Qf7 Qc6) 34. Kb2 $11 b5 (34... a5 $5 35. Qf7 Qh6 $15) 35. cxb5 (35. Qf5 $11 Qd2+ 36. Kb1 Qd3+ 37. Qxd3 Rxd3 38. cxb5) 35... Qd2+ {[%emt 0:01:47] Black mates.} 36. Kb3 c4+ $1 37. Kb4 Qb2+ 38. Kc5 Qa3+ 39. Kxc4 Qxa2+ 40. Kc5 Rd5+ 41. Kc6 Qc4+ 42. Kb7 Qxb5+ 43. Kc8 Qa6+ {[%emt 0:00:20] Weighted Error Value: White=0.32/Black=0.22 (precise)} 0-1